 Dungeon Crawl Stone Soup version 0.29.0-4-gdea44cf6ec (webtiles) character file.

Game seed: 14680329500870718306

228 qw the Chopper (level 6, -2/35 HPs)
             Began as a Tengu Warper on Aug 28, 2022.
             Killed from afar by a steam dragon (6 damage)
             ... with a ball of steam
             ... on level 4 of the Dungeon.
             The game lasted 00:00:18 (3613 turns).

qw the Chopper (Tengu Warper)                       Turns: 3613, Time: 00:00:18

Health: -2/35      AC:  7    Str: 14    XL:     6   Next: 2%
Magic:  10/10      EV: 11    Int: 13    God:
Gold:   114        SH:  5    Dex: 13    Spells: 9/9 levels left

rFire   . . .      SeeInvis .   Y - +2 hand axe
rCold   . . .      Faith    .   (no shield)
rNeg    . . .      Spirit   .   e - +0 scale mail
rPois   .          Reflect  +   (helmet restricted)
rElec   .          Harm     .   i - +0 cloak
rCorr   .          Rampage  .   (no gloves)
Will    .....                   (boots unavailable)
Stlth   ..........              p - amulet of reflection
HPRegen 0.11/turn               (no ring)
MPRegen 0.12/turn               (no ring)

@: flying quickly and evasively, quick
A: beak, talons 3, nimble flight
a: no special abilities


You were on level 4 of the Dungeon.
You visited 1 branch of the dungeon, and saw 4 of its levels.

You collected 114 gold pieces.


Innate Abilities, Weirdness & Mutations

You have a beak for a mouth.
You have claws for feet.
Your magical nature lets you fly swiftly and evasively.


   Skills:
 - Level 2.0 Fighting
 + Level 6.7 Axes
 - Level 1.0 Throwing
 - Level 1.1 Armour
 - Level 2.1 Dodging
 - Level 2.0 Spellcasting
 - Level 2.4 Translocations


You had 9 spell levels left.
You didn't know any spells.
Your spell library contained the following spells:

 Spells                   Type           Power      Damage    Failure   Level
 Blink                    Tloc           14%        N/A       54%         2
 Gell's Gravitas          Tloc           7%         N/A       77%         3
 Lesser Beckoning         Tloc           7%         N/A       77%         3
 Teleport Other           Tloc           7%         N/A       77%         3
 Manifold Assault         Tloc           7%         N/A       100%        5

Inventory:

Hand Weapons
 f - a +0 flail
 Y - a +2 hand axe (weapon)
Missiles
 a - 3 boomerangs (quivered)
Armour
 e - a +0 scale mail (worn)
 i - a +0 cloak (worn)
Jewellery
 c - a ring of fire
 p - an amulet of reflection (around neck)
Scrolls
 m - 4 scrolls of identify
Potions
 b - a potion of brilliance {unknown}
 d - a potion of might
 h - a potion of haste
 k - a potion of heal wounds {unknown}
 l - a potion of cancellation {unknown}
 n - a potion of flight {unknown}

Dungeon Overview and Level Annotations

Branches:
Dungeon (4/15)
 Temple: D:4-7

Altars:

Annotations:
D:2 1 runed translucent door, Crazy Yiuf


Message History

The steam dragon misses you.
You hit the steam dragon. Your kick misses the steam dragon.
The steam dragon is lightly wounded.
The steam dragon closely misses you.
The steam dragon claws you but does no damage.
You hit the steam dragon but do no damage.
You claw the steam dragon. Your peck misses the steam dragon.
The steam dragon is moderately wounded.
The steam dragon breathes steam at you. The ball of steam hits you!
You hit the steam dragon but do no damage.
The steam dragon is moderately wounded.
You are engulfed in a cloud of scalding steam.
You block the steam dragon's attack. x2
You barely miss the steam dragon.
The steam dragon is moderately wounded.
You are engulfed in a cloud of scalding steam.
The steam dragon bites you.
The steam dragon claws you but does no damage.
You hit the steam dragon.
The steam dragon is moderately wounded.
The steam dragon bites you. You block the steam dragon's attack.
You closely miss the steam dragon.
You peck the steam dragon, but do no damage.
The steam dragon is moderately wounded.
The steam dragon closely misses you. The steam dragon claws you.
You hit the steam dragon but do no damage.
Your kick misses the steam dragon.
The steam dragon is moderately wounded.
You block the steam dragon's attack. x2
You slash the steam dragon!
You claw the steam dragon, but do no damage.
You peck the steam dragon, but do no damage.
The steam dragon is heavily wounded.
The steam dragon bites you. The steam dragon barely misses you.
You hit the steam dragon. Your kick misses the steam dragon.
The steam dragon is severely wounded.
The steam dragon breathes steam at you. The ball of steam hits you.
You die...

#.............#
#.#...........###
#................
#............#
#.......#...##
####.#..##.###### ##
#####............# ..
......#..#######.#.#####
.####.#..# #...@.......
.# #.#..# #...D##..####
.# ##.#..##.#... ..#
.###...>........ .#
................ .#
##....#.#....... #
#.#.##.#.#...<. #.#%##.#
##.... #.#.##.#


You could see a steam dragon (catching breath).

Vanquished Creatures
  Jessica (D:2)
  Natasha (twice) (D:2)
  An orc wizard (D:3)
  7 adders
  2 dart slugs
  2 orcs (D:3)
  6 endoplasms
  A giant cockroach (D:2)
  2 goblins
  4 hobgoblins
  6 jackals
  3 quokkas (D:3)
  10 ball pythons
  5 bats
  3 frilled lizards
  5 kobolds
  6 rats
66 creatures vanquished.

Notes
Turn   | Place    | Note
-------+----------+-------------------------------------------
     0 | D:1      | qw the Tengu Warper began the quest for the Orb.
     0 | D:1      | Reached XP level 1. HP: 12/12 MP: 4/4
     0 | D:1      | 0 ||| qw: Version: 0.1-a-89-g26bdef1
     0 | D:1      | 0 ||| qw: Game counter: 2352
     0 | D:1      | 0 ||| qw: Always use a shield: true
     0 | D:1      | 0 ||| qw: God list: Okawaru
     0 | D:1      | 0 ||| qw: Allow faded altars: false
     0 | D:1      | 0 ||| qw: Do Orc after D:15 true
     0 | D:1      | 0 ||| qw: Do second Lair branch before Depths: true
     0 | D:1      | 0 ||| qw: Lair rune preference: random
     0 | D:1      | 0 ||| qw: Plans: Normal
     0 | D:1      | 0 ||| PLANNING D:1-11
    65 | D:1      | 65 ||| Stepping ~*~*~tactically~*~*~ (stealth).
    86 | D:1      | Reached skill level 3 in Axes
    86 | D:1      | Reached XP level 2. HP: 17/17 MP: 6/6
   359 | D:1      | 359 ||| Stepping ~*~*~tactically~*~*~ (stealth).
   361 | D:1      | 361 ||| Stepping ~*~*~tactically~*~*~ (stealth).
   471 | D:1      | Found a faded altar of an unknown god.
   494 | D:1      | 494 ||| Stepping ~*~*~tactically~*~*~ (stealth).
   496 | D:1      | 496 ||| Stepping ~*~*~tactically~*~*~ (stealth).
   740 | D:1      | Reached XP level 3. HP: 19/21 MP: 7/7
  1012 | D:1      | 1012 ||| UPGRADING to +0 ring mail.
  1022 | D:1      | 1022 ||| DROPPING +0 leather armour.
  1023 | D:1      | 1023 ||| DROPPING ring of magical power.
  1024 | D:1      | 1024 ||| READING scroll labelled PILAJO MIGUMEODD.
  1025 | D:1      | 1025 ||| READING scroll labelled DUJEIN HABOHO.
  1026 | D:1      | 1026 ||| DROPPING scroll of blinking.
  1074 | D:2      | 1074 ||| STAIRDANCE
  1209 | D:2      | Reached skill level 4 in Axes
  1213 | D:2      | 1213 ||| DROPPING +0 club.
  1222 | D:2      | Noticed Jessica
  1223 | D:2      | 1223 ||| Stepping ~*~*~tactically~*~*~ (hiding).
  1253 | D:2      | Killed Jessica
  1254 | D:2      | Reached XP level 4. HP: 9/26 MP: 8/8
  1615 | D:2      | 1615 ||| Stepping ~*~*~tactically~*~*~ (hiding).
  1683 | D:2      | Reached skill level 5 in Axes
  1758 | D:2      | 1758 ||| Stepping ~*~*~tactically~*~*~ (stealth).
  1759 | D:2      | 1759 ||| Stepping ~*~*~tactically~*~*~ (stealth).
  2029 | D:2      | Found a runed translucent door.
  2030 | D:2      | Noticed Crazy Yiuf
  2122 | D:2      | Noticed Natasha
  2127 | D:2      | Killed Natasha
  2128 | D:2      | Gained mutation: Your magical nature lets you fly swiftly
                  | and evasively. [Tengu growth]
  2128 | D:2      | Reached XP level 5. HP: 23/30 MP: 9/9
  2219 | D:2      | Noticed Natasha
  2229 | D:2      | Killed Natasha
  2306 | D:2      | 2306 ||| UPGRADING to +0 scale mail.
  2316 | D:2      | 2316 ||| DROPPING +0 ring mail.
  2317 | D:2      | 2317 ||| UPGRADING to +0 cloak.
  2322 | D:2      | 2322 ||| READING scroll labelled YPOOWK TAKLOB.
  2461 | D:2      | 2461 ||| READING scroll labelled COAR CUTUE.
  2503 | D:3      | Reached skill level 6 in Axes
  2707 | D:3      | 2707 ||| DROPPING +0 whip.
  2756 | D:3      | 2756 ||| READING scroll of enchant weapon.
  2756 | D:3      | 2756 ||| ENCHANTING +1 hand axe.
  2880 | D:3      | Identified the +0 ring mail of Midsummer {Int+5 Slay+2}
  3146 | D:3      | 3146 ||| DROPPING +0 ring mail of Midsummer {Int+5 Slay+2}.
  3147 | D:3      | 3147 ||| UPGRADING to amulet of reflection.
  3152 | D:3      | 3152 ||| READING scroll labelled ULELAGOTOG.
  3153 | D:3      | 3153 ||| READING scroll labelled VIEXOS WUTONOJ.
  3154 | D:3      | 3154 ||| READING scroll labelled JANUOM PAOP.
  3155 | D:3      | 3155 ||| READING 2 scrolls of identify.
  3155 | D:3      | 3155 ||| IDENTIFYING amethyst potion
  3156 | D:3      | 3156 ||| Stepping randomly (stuck).
  3157 | D:3      | 3157 ||| Stepping ~*~*~tactically~*~*~ (cloud).
  3567 | D:4      | Reached XP level 6. HP: 35/35 MP: 10/10
  3602 | D:4      | Noticed a steam dragon
  3612 | D:4      | HP: 4/35 [steam dragon (6)]
  3613 | D:4      | Killed from afar by a steam dragon

Levels and vault maps discovered:
D:1:      grunt_arrival_lava_bath, layout_loops_ring,
          ebering_ecumenical_altar_sacrificial
D:2:      layout_loops_ring, uniq_jessica, uniq_crazy_yiuf_cottage, uniq_natasha
D:3:      layout_rooms
D:4:      layout_loops_ring

Skill      XL: |  1  2  3  4  5 |
---------------+----------------+-----
Axes           | 3 4 5 6 |  6.7
Fighting       | |  2.0
Throwing       | |  1.0
Armour         | |  1.1
Dodging        | |  2.1
Spellcasting   | |  2.0
Translocations | |  2.4

Action                   |  1- 3 |  4- 6 || total
-------------------------+-------+-------++-------
Melee: Hand axe          |    57 |   113 ||   170
       Kick              |    16 |    25 ||    41
       Peck              |     7 |    11 ||    18
Throw: Boomerang         |    11 |    33 ||    44
  Use: Scroll            |     2 |     7 ||     9
Armor: Leather armour    |     6 |       ||     6
       Ring mail         |     4 |    19 ||    23
       Scale mail        |       |    34 ||    34
Dodge: Dodged            |    41 |    45 ||    86
Block: Other             |       |    10 ||    10

Table legend:
 A = Non-vault XP
 B = Vault XP
 C = Vault XP percentage of total XP
 D = Non-vault monster count
 E = Vault monster count
 F = Vault count percentage of total count
                 A         B        C        D         E       F
            +---------+---------+-------+---------+---------+-------
      Total |     254 |      72 |  22.1 |      64 |       2 |   3.0
            +---------+---------+-------+---------+---------+-------
        D:1 |      40 |       0 |   0.0 |      26 |       0 |   0.0
        D:2 |     106 |      72 |  40.4 |      17 |       2 |  10.5
        D:3 |      85 |       0 |   0.0 |      15 |       0 |   0.0
        D:4 |      23 |       0 |   0.0 |       6 |       0 |   0.0
            +---------+---------+-------+---------+---------+-------
